 Dungeon Crawl Stone Soup version 0.15-a0-1293-g4a08026 (webtiles) character file.

138 Armakuni the Slasher (level 5, -7/39 HPs)
             Began as a Merfolk Skald on June 6, 2014.
             Killed by divine providence
             ... invoked by an orc priest
              (13 damage)
             ... on Level 3 of the Dungeon.
             The game lasted 00:06:41 (2274 turns).

Armakuni the Slasher (Merfolk Skald)                Turns: 2274, Time: 00:06:41

HP  -7/39        AC  4     Str 12      XL: 5   Next: 21%
MP   9/9         EV 16     Int 13      God:
Gold 74          SH  0     Dex 18      Spells:  3 memorised,  2 levels left

rFire  . . .     SeeInvis .     a - +1,+0 falchion
rCold  . . .     Clarity  .     b - +0 leather armour
rNeg   . . .     rCorr    .     (no shield)
rPois  .         rRot     .     (no helmet)
rElec  .         Spirit   .     (no cloak)
SustAb .         Warding  .     t - +0 pair of gloves
rMut   .         Stasis   .     (no boots)
Gourm  .                        (no amulet)
MR     .....                    (no ring)
                                (no ring)

@: agile, slowed, very slow, not resistant to hostile enchantments, unstealthy
A: change form in water, swift swim
a: no special abilities


You were on level 3 of the Dungeon.
You were not hungry.

You visited 1 branch of the dungeon, and saw 3 of its levels.

You collected 74 gold pieces.

Inventory:

Hand weapons
 a - a +1,+0 falchion (weapon)
 r - a +0,+0 sling
Missiles
 f - 6 javelins of returning (quivered)
 p - 12 sling bullets of flame
Armour
 b - a +0 leather armour (worn)
 t - a +0 pair of gloves (worn)
Comestibles
 h - a royal jelly
 i - a rotting chunk of rat flesh
 m - 2 meat rations
 q - a rotting chunk of adder flesh
 s - a chunk of rat flesh
Scrolls
 e - 2 scrolls of teleportation
 g - 2 scrolls of remove curse
 k - a scroll of identify
Potions
 j - a potion of haste {unknown}
 l - 2 potions of restore abilities
 o - a potion of curing {unknown}
Books
 c - a book of Battle

   Spells                             Type                      Level
   *Infusion                          Charms                       1
   Shroud of Golubria                 Charms/Translocation         2
   *Song of Slaying                   Charms                       2
   Spectral Weapon                    Hexes/Charms                 3
   *Regeneration                      Charms/Necromancy            3


   Skills:
 - Level 2.3 Fighting
 + Level 4.2 Long Blades
 + Level 3.0 Throwing
 - Level 0.6 Armour
 - Level 2.0 Dodging
 - Level 2.0 Spellcasting
 - Level 3.2 Charms


You had 2 spell levels left.
You knew the following spells:

 Your Spells              Type           Power        Failure   Level  Hunger
r - Regeneration          Chrm/Necr      #.........   38%         3    ####...
s - Song of Slaying       Chrm           #.......     12%         2    ###....
z - Infusion              Chrm           #.....       10%         1    ##.....


Dungeon Overview and Level Annotations

Branches:
Dungeon (3/15)

Altars:
Dithmenos

Annotations:
D:2 Sigmund
D:3 Armakuni's ghost, weakling MfSk


Message History

You feel clever.
The javelin of returning returns to your pack!
The orc wizard barely misses you.
Unknown command.
Throwing (i - inventory):
f - 6 javelins of returning (quivered)
Press: ? - help, Shift-Dir - straight line, f/p - orc wizard
Aim: an orc wizard, wielding a dagger and wearing a robe (lightly wounded, moving very quickly)
You throw a javelin of returning.
The javelin of returning hits the orc wizard!
You kill the orc wizard!
Your Throwing skill increases to level 3!
The javelin of returning returns to your pack!
The orc hits you with a short sword!
* * * LOW HITPOINT WARNING * * *
Drink which item? (? for menu, Esc to quit)
You feel agile all of a sudden.
It was a potion of agility.
The orc priest calls down the wrath of Beogh upon you.
Something smites you!
You die...

######### #...o.(.#
#''####.# ♣..♣ #o# ♣..♣
#o# #####
###♣♣♣o.♣♣♣#@########...#
#.'....[...'............#
#.'o.......'..§§........#
#o#♣♣♣..♣♣♣#..§§§.......#
#####.# ♣..♣
#....§.......# ....o.#
♣..♣ #............#
......#
#''####..........###
..o####
#..#.##..........# ...
#....#...........#


You could see an orc priest and an orc.

Vanquished Creatures
  2 orc wizards (D:3)
  An orc priest (D:3)
  3 adders
  4 bats (D:1)
  4 giant cockroaches
  7 hobgoblins
  3 giant geckos
  A giant newt (D:1)
  2 goblins
  2 kobolds (D:1)
  7 rats
36 creatures vanquished.

Notes
Turn   | Place    | Note
--------------------------------------------------------------
     0 | D:1      | Armakuni, the Merfolk Skald, began the quest for the Orb.
     0 | D:1      | Reached XP level 1. HP: 16/16 MP: 3/3
   283 | D:1      | Reached XP level 2. HP: 17/22 MP: 1/4
   530 | D:1      | Learned a level 2 spell: Song of Slaying
  1082 | D:2      | Noticed Sigmund
  1398 | D:1      | Reached skill level 1 in Throwing
  1398 | D:1      | Reached XP level 3. HP: 2/28 MP: 0/6
  1399 | D:1      | HP: 1/28 [poisoned by an adder]
  1404 | D:1      | Learned a level 3 spell: Regeneration
  2123 | D:3      | Found a shadowy altar of Dithmenos.
  2154 | D:3      | Reached XP level 4. HP: 23/34 MP: 0/7
  2272 | D:3      | Noticed Armakuni's ghost (weakling MfSk)
  2272 | D:3      | Reached skill level 4 in Long Blades
  2272 | D:3      | Reached XP level 5. HP: 13/39 MP: 9/9
  2274 | D:3      | Killed from afar by an orc priest

Action                   |  1- 3 |  4- 6 || total
-------------------------+-------+-------++-------
Melee: Falchion          |    96 |       ||    96
Throw: Javelin           |     1 |     9 ||    10
 Cast: Infusion          |    17 |       ||    17
       Song of Slaying   |     1 |       ||     1
  Use: Scroll            |     9 |       ||     9
       Potion            |       |     1 ||     1
